 Dungeon Crawl Stone Soup version 0.19-a0-1107-gc676ff4 (webtiles) character file.

128 JustSomeDude the Covered (level 4, -3/35 HPs)
             Began as a Demonspawn Fighter on Aug 9, 2016.
             Slain by a gnoll
             ... wielding a +0 spear
              (4 damage)
             ... on level 3 of the Dungeon.
             The game lasted 00:02:57 (1752 turns).

JustSomeDude the Covered (Demonspawn Fighter)       Turns: 1752, Time: 00:03:01

Health: -3/35      AC:  7    Str: 20    XL:     4   Next: 86%
Magic:  4/4        EV:  5    Int: 14    God:
Gold:   36         SH:  9    Dex: 13    Spells: 0 memorised, 3 levels left

rFire  . . .     SeeInvis .     a - +0 war axe
rCold  . . .     Gourm    .     b - +0 scale mail
rNeg   . . .     Faith    .     c - +0 shield
rPois  +         Spirit   .     (helmet restricted)
rElec  .         Dismiss  .     (no cloak)
rCorr  .         Reflect  .     (no gloves)
SustAt .         Harm     .     (no boots)
MR     .....                    (no amulet)
Stlth  ..........               (no ring)
                                (no ring)

@: mighty, brilliant, constricted
A: claws 1, horns 1, poison resistance, weak 1
a: no special abilities


You were on level 3 of the Dungeon.
You were not hungry.

You visited 1 branch of the dungeon, and saw 3 of its levels.

You collected 36 gold pieces.

Inventory:

Hand Weapons
 a - a +0 war axe (weapon)
Armour
 b - a +0 scale mail (worn)
 c - a +0 shield (worn)
 n - a +0 chain mail
Jewellery
 p - an uncursed ring of protection from cold {unknown}
Scrolls
 e - a scroll of recharging {unknown}
 g - a scroll of magic mapping {unknown}
 h - 3 scrolls of fear {unknown}
 j - 5 scrolls of identify {unknown}
 k - a scroll of remove curse {unknown}
 o - a scroll of amnesia {unknown}
Comestibles
 f - 2 bread rations
 l - a beef jerky


   Skills:
 + Level 3.5 Fighting
 + Level 2.1 Axes
 + Level 3.7 Armour
 + Level 1.3 Dodging
 + Level 3.4 Shields


You had 3 spell levels left.
You didn't know any spells.

Dungeon Overview and Level Annotations

Branches:
Dungeon (3/15)

Altars:


Innate Abilities, Weirdness & Mutations

You have a pair of small horns on your head.
You have sharp fingernails.
Your system is resistant to poisons. (rPois)
You are weak. (Str -2)


Message History

The ball python bites you but does no damage.
* * * LOW HITPOINT WARNING * * *
The ball python constricts you. The gnoll barely misses you. x2
You block the ball python's attack. The ball python constricts you.
You hit the gnoll. You headbutt the gnoll!
You kill the gnoll!
You closely miss the ball python. You block the ball python's attack.
* * * LOW HITPOINT WARNING * * *
The ball python constricts you. The gnoll barely misses you.
You escape the ball python's grasp.
You block the gnoll's attack.
Things that are here:
a spear; a gnoll corpse You slash the gnoll!
The gnoll is severely wounded.
You closely miss the ball python. The ball python bites you.
* * * LOW HITPOINT WARNING * * *
The ball python grabs you.
* * * LOW HITPOINT WARNING * * *
The ball python constricts you. The gnoll hits you with a spear.
You die...

##.## ##..## ...#.##
..###.# #############.#
##.#.#####.............#
#..........).....S...#
########.#####.#####.
#(# #S# #.# #@# #.# #g#
#.# #.. #.# #.#. #.#
#.#.# .(# #.# # #.# #!#
#.# #.. #.#


You could see a gnoll and a ball python.

Vanquished Creatures
  Robin (D:2)
  3 gnolls
  2 adders (D:2)
  A worm (D:2)
  A dart slug (D:1)
  6 bats
  17 goblins
  10 hobgoblins
  4 jackals (D:1)
  5 kobolds
  2 quokkas (D:2)
  3 giant newts
  7 rats
62 creatures vanquished.

Notes
Turn   | Place    | Note
-------+----------+-------------------------------------------
     0 | D:1      | JustSomeDude the Demonspawn Fighter began the quest for the Orb.
     0 | D:1      | Reached XP level 1. HP: 18/18 MP: 1/1
   237 | D:1      | Gained mutation: You have a pair of small horns on your head. [demonic ancestry]
   237 | D:1      | Reached XP level 2. HP: 24/24 MP: 2/2
   378 | D:1      | Reached XP level 3. HP: 21/29 MP: 3/3
   854 | D:2      | Reached skill level 1 in Dodging
  1105 | D:2      | Noticed Robin
  1108 | D:2      | Reached XP level 4. HP: 26/35 MP: 4/4
  1121 | D:2      | Killed Robin
  1749 | D:3      | Gained mutation: You have sharp fingernails. [potion of mutation]
  1749 | D:3      | Gained mutation: You are weak. (Str -2) [potion of mutation]
  1749 | D:3      | Gained mutation: Your system is resistant to poisons. (rPois) [potion of mutation]
  1752 | D:3      | HP: 1/35 [ball python (1)]
  1752 | D:3      | Slain by a gnoll

Vault maps used:
D:1:      minmay_arrival_stone_box, minmay_misc_feat_five
D:2:      due_unseen_surprise, uniq_robin
D:3:      old_standard_altar, first_bread

Skill      XL: |  1  2  3 |
---------------+----------+-----
Armour         | 3 |  3.7
Shields        | 3 |  3.4
Dodging        | 1 |  1.3
Axes           | 2 |  2.1
Fighting       | |  3.5

Action                   |  1- 3 |  4- 6 || total
-------------------------+-------+-------++-------
Melee: War axe           |   132 |    54 ||   186
       Headbutt          |    18 |    10 ||    28
  Use: Potion            |       |     3 ||     3
  Eat: Chunk             |     1 |     2 ||     3
Armor: Scale mail        |    75 |    35 ||   110
Dodge: Dodged            |    65 |    20 ||    85
Block: Shield            |    73 |    34 ||   107
